 Dungeon Crawl Stone Soup version 0.29.1-15-g9cfb28693d (webtiles) character file.

Game seed: 17459090227920699002

595 Vironchik the Cudgeller (level 7, 0/67 HPs)
             Began as a Troll Fighter on Apr 10, 2023.
             Was a Believer of Trog.
             Slain by a howler monkey (5 damage)
             ... on level 6 of the Dungeon.
             The game lasted 00:21:52 (2192 turns).

Vironchik the Cudgeller (Troll Fighter)             Turns: 2192, Time: 00:21:54

Health: 0/67       AC:  4    Str: 25    XL:     7   Next: 17%
Magic:  6/6        EV:  9    Int:  4    God:    Trog [**....]
Gold:   156        SH:  8    Dex: 11    Spells: 6/6 levels left

rFire   . . .      SeeInvis .   a - +0 flail
rCold   . . .      Faith    .   c - +0 kite shield
rNeg    . . .      Spirit   .   b - +0 robe
rPois   +          Reflect  .   (helmet restricted)
rElec   .          Harm     .   (no cloak)
rCorr   .          Rampage  .   (gloves unavailable)
Will    .....                   (boots unavailable)
Stlth   +.........              H - amulet of the acrobat
HPRegen 1.01/turn               o - ring of poison resistance
MPRegen 0.10/turn               (no ring)

@: on berserk cooldown, slowed, very slow
A: large, unfitting armour, claws 3, regeneration 1, shaggy fur 1, tough skin 1
a: Renounce Religion, Berserk, Trog's Hand


You were on level 6 of the Dungeon.
You worshipped Trog.
Trog was pleased with you.
You visited 1 branch of the dungeon, and saw 6 of its levels.

You collected 156 gold pieces.

Inventory:

Hand Weapons
 a - a +0 flail (weapon)
 h - a +0 dagger
 j - a +0 club
 k - a +0 club
 l - a +0 whip
 n - a +0 sling
 p - a +0 short sword
 r - a +0 dagger
 s - a +0 short sword
 w - a +0 dagger
 A - a +0 club
 C - a +0 dagger
 D - a +0 trident
 F - a +0 glaive
 I - a +0 flail
Armour
 b - a +0 robe (worn)
 c - a +0 kite shield (worn)
 e - a +0 leather armour
 g - a +0 ring mail
 u - a +0 robe
 v - a +0 ring mail
 x - a +0 ring mail
 y - a +0 robe
 B - a +0 scale mail
 E - a +0 scale mail
 M - a +0 buckler
 P - a +0 ring mail
Magical Staves
 Q - a staff of fire
Jewellery
 o - a ring of poison resistance (left claw)
 H - an amulet of the acrobat (around neck)
 O - an amulet of guardian spirit
Wands
 R - a wand of mindburst (15)
Scrolls
 i - 3 scrolls of identify {unknown}
 m - 2 scrolls of poison {unknown}
 q - 2 scrolls of torment {unknown}
 z - a scroll of amnesia {unknown}
 G - 3 scrolls of enchant armour {unknown}
 J - a scroll of teleportation {unknown}
 L - a scroll of enchant weapon {unknown}
Potions
 d - a potion of might
 f - 2 potions of mutation {unknown}
 t - 2 potions of flight {unknown}
 K - a potion of heal wounds {unknown}
 N - a potion of attraction {unknown}


   Skills:
 + Level 3.6 Fighting
 + Level 4.6 Maces & Flails
 + Level 3.8 Dodging
 + Level 0.1 Stealth
 + Level 4.2 Shields


You had 6 spell levels left.
You didn't know any spells.
Your spell library contained the following spells:

 Spells                   Type           Power      Damage    Failure   Level
 Necrotise                Necr           0%         1d4       78%         1
 Blink                    Tloc           0%         N/A       89%         2
 Teleport Other           Tloc           0%         N/A       98%         3
 Vampiric Draining        Necr           0%         2d6       98%         3
 Agony                    Necr           0%         N/A       100%        5
 Manifold Assault         Tloc           0%         N/A       100%        5
 Storm Form               Tmut/Air       0%         N/A       100%        7
 Disjunction              Tloc           0%         N/A       100%        8


Dungeon Overview and Level Annotations

Branches:
Dungeon (6/15)
 Temple: D:4-7

Altars:
Fedhas
Trog

Portals:
Sewer: D:4


Innate Abilities, Weirdness & Mutations

You are too large for most types of armour.
You have claws for hands.
Your natural rate of healing is unusually fast.
You are covered in fur. (AC +1)
You have tough skin. (AC +1)


Message History

You block the gnoll's attack.
You hear a shout!
You sock the gnoll!
You kill the gnoll!
Trog accepts your kill.
An adder comes into view.
The adder hisses angrily.
You block the gnoll's attack. The gnoll completely misses you.
You see here a +0 halberd.
You sock the gnoll!
You kill the gnoll!
Trog accepts your kill.
The gnoll hits you from afar with a +0 spear.
* * * LOW HITPOINT WARNING * * *
A water moccasin comes into view.
The water moccasin hisses angrily.
You hit the howler monkey.
The howler monkey is moderately wounded.
You are no longer berserk.
You are exhausted.
You feel yourself slow down.
The howler monkey hits you but does no damage.
The gnoll hits you from afar with a +0 spear.
* * * LOW HITPOINT WARNING * * *
You closely miss the adder.
The howler monkey hoots and howls with incredible vigour!
The adder barely misses you.
The gnoll hits you from afar with a +0 spear.
* * * LOW HITPOINT WARNING * * *
You block the howler monkey's attack. The adder bites you.
* * * LOW HITPOINT WARNING * * *
The gnoll hits you but does no damage. The howler monkey hits you.
* * * LOW HITPOINT WARNING * * *
You closely miss the adder. The adder bites you.
* * * LOW HITPOINT WARNING * * *
The adder bites you but does no damage. The howler monkey hits you.
* * * LOW HITPOINT WARNING * * *
The gnoll closely misses you. The adder closely misses you.
The howler monkey hits you.
You die...

# .. ... ###### ....###
#....#
.......########gh..#
.......<...†S@hggS.######
....#...#######Fg.......##
. ###)# #.gg........ #..
#....#.... ##.#
##.........# .#
#.#....##.. .< ...........
.. ......##.#... #.#
#.###.## .# ..


You could see a black bear, a bullfrog, a howler monkey, 6 gnolls and 2 adders.

Vanquished Creatures
  A black bear (D:6)
  A gnoll sergeant (D:6)
  2 scorpions
  An orc priest (D:3)
  A jelly (D:5)
  A hound (D:4)
  An orc wizard (D:5)
  5 gnolls
  6 adders
  A shadow imp (D:5)
  An ufetubus (D:4)
  2 worms
  2 dart slugs
  8 orcs
  13 ball pythons
  2 bats
  3 endoplasms
  3 giant cockroaches
  5 goblins
  5 hobgoblins
  6 jackals
  5 quokkas
  6 frilled lizards
  6 kobolds
  6 rats
93 creatures vanquished.

Notes
Turn   | Place    | Note
-------+----------+-------------------------------------------
     0 | D:1      | Vironchik the Troll Fighter began the quest for the Orb.
     0 | D:1      | Reached XP level 1. HP: 22/22 MP: 0/0
   194 | D:1      | Reached XP level 2. HP: 29/29 MP: 1/1
   435 | D:1      | Reached XP level 3. HP: 34/36 MP: 2/2
   524 | D:1      | Found a faded altar of an unknown god.
   528 | D:1      | Prayed at the altar of an unknown god.
   528 | D:1      | Became a worshipper of Trog the Wrathful
   528 | D:1      | Reached * piety under Trog
  1302 | D:2      | Reached XP level 4. HP: 42/44 MP: 3/3
  1469 | D:3      | Reached ** piety under Trog
  1506 | D:3      | Reached XP level 5. HP: 20/53 MP: 4/4
  1645 | D:4      | Got the Dissertation on Dimensional Necromancy
  1714 | D:5      | Entered Level 5 of the Dungeon
  1732 | D:5      | Reached XP level 6. HP: 12/61 MP: 5/5
  1963 | D:3      | Found a blossoming altar of Fedhas.
  2045 | D:4      | Found a glowing drain.
  2180 | D:6      | Reached XP level 7. HP: 38/67 MP: 6/6
  2192 | D:6      | Slain by a howler monkey

Illustrated notes

Levels and vault maps discovered:
D:1:      minmay_arrival_nine_rooms, layout_loops_ring,
          shapermc_ecumenical_altar_mp_vishouse, minmay_misc_feat_tiny,
          minmay_tromino_v7
D:2:      layout_rooms
D:3:      layout_basic, fedhas_altar_2
D:4:      layout_cave_pools, minmay_temple_entry_waves,
          cheibrodos_sewer_entry_sluice, hangedman_decor_growths,
          uniq_crazy_yiuf_cottage
D:5:      layout_layer_cave, nicolae_hepliaklqana_hazy_memory,
          okawaru_ov_weapons_minmay
D:6:      layout_rooms, nicolae_concentric_dashed_squares_mild

Skill      XL: |  1  2  3  4  5  6 |
---------------+-------------------+-----
Maces & Flails | 2 3 4 |  4.6
Shields        | 3 4 |  4.2
Dodging        | 3 |  3.8
Fighting       | 3 |  3.6
Stealth        | |  0.1

Action                   |  1- 3 |  4- 6 |  7- 9 || total
-------------------------+-------+-------+-------++-------
Melee: Flail             |   163 |   176 |    10 ||   349
Invok: Berserk           |     1 |     4 |       ||     5
Armor: Robe              |    84 |   110 |     3 ||   197
Dodge: Dodged            |   102 |   169 |     9 ||   280
Block: Kite shield       |    86 |   170 |     5 ||   261
